 Dungeon Crawl Stone Soup version 0.27.1-4-g1640c2035a (webtiles) character file.

Game seed: 2718049396602277146

111 Jango the Slasher (level 5, -2/41 HPs)
             Began as a Human Berserker on Nov 5, 2021.
             Was a Follower of Trog (penitent).
             Splashed by a jelly's acid (7 damage)
             ... on level 3 of the Dungeon.
             The game lasted 00:18:29 (2590 turns).

Jango the Slasher (Human Berserker)                 Turns: 2590, Time: 00:18:34

Health: -2/41      AC:  0    Str: 19    XL:     5   Next: 15%
Magic:  5/5        EV:  6    Int:  7    God:    Trog [*]
Gold:   117        SH:  0    Dex: 12    Spells: 2/4 levels left

rFire    . . .     SeeInvis .   a - +0 falchion
rCold    . . .     Faith    .   (no shield)
rNeg     . . .     Spirit   .   p - +0 plate armour
rPois    +         Reflect  .   (no helmet)
rElec    .         Harm     .   (no cloak)
rCorr    .         Rampage  .   (no gloves)
Will     .....                  (no boots)
Stlth    ..........             (no amulet)
HPRegen  0.13/turn              d - ring of poison resistance
MPRegen  0.09/turn              (no ring)

@: corroded
A: no striking features
a: Renounce Religion


You were on level 3 of the Dungeon.
You worshipped Trog.
Trog was demanding penance.
You visited 1 branch of the dungeon, and saw 3 of its levels.

You collected 117 gold pieces.

Inventory:

Hand Weapons
 a - a +0 falchion (weapon)
 c - a +0 arbalest
 g - a +0 hunting sling
 j - a +0 mace
 l - a +0 flail
Missiles
 h - 83 stones (quivered)
 t - 4 boomerangs
 v - 18 bolts
Armour
 b - a +0 animal skin
 k - a +0 chain mail
 p - a +0 plate armour (worn)
Jewellery
 d - a ring of poison resistance (left hand)
Wands
 r - a wand of iceblast (6)
Scrolls
 f - 2 scrolls of noise
 s - a scroll of teleportation
Potions
 e - a potion of degeneration {unknown}
 i - a potion of brilliance {unknown}
 m - 2 potions of attraction
 n - a potion of curing {unknown}
 o - a potion of berserk rage {unknown}
 q - a potion of magic {unknown}
 u - a potion of might {unknown}


   Skills:
 * Level 3.6 Fighting
 * Level 0.1(2.5) Short Blades
 * Level 4.2 Long Blades
 * Level 0.3 Maces & Flails
 + Level 2.5 Armour
 + Level 2.5 Dodging
 + Level 0.1 Stealth


You had 2 spell levels left.
You knew the following spells:

 Your Spells              Type           Power      Damage    Failure   Level
a - Poisonous Vapours     Pois/Air       0%         N/A       100%        2

Your spell library contained the following spells:

 Spells                   Type           Power      Damage    Failure   Level
 Corpse Rot               Necr/Air       N/A        N/A       100%        2
 Freezing Cloud           Conj/Ice/Air   0%         6-21      100%        5


Dungeon Overview and Level Annotations

Branches:
Dungeon (3/15)

Altars:
Cheibriados


Message History

There is an open door here.
There is a fountain of clear blue water here.
There are no items here.
You open the door.
Found a scroll labelled DINIEWETIRR.
There is an open door here.
v - a scroll labelled DINIEWETIRR
As you read the scroll labelled DINIEWETIRR, it crumbles to dust.
You feel aware of your surroundings.
You sensed 1 altar.
It was a scroll of magic mapping.
You see here 21 sling bullets.
Found 18 bolts.
You see here 18 bolts.
You see here 18 bolts.
v - 18 bolts You feel as though Xom is toying with you.
Suddenly, the walls become transparent!
You open the door.
A jelly comes into view.
The jelly quivers.
You hit the jelly. The acid corrodes you!
Your hands burn!
The jelly is moderately wounded.
The jelly hits you but does no damage.
You hit the jelly.
Your hands burn!
The jelly is moderately wounded.
The jelly hits you but does no damage.
You hit the jelly but do no damage.
Your hands burn!
The jelly is moderately wounded.
The jelly hits you but does no damage.
You hit the jelly but do no damage.
Your hands burn!
The jelly is moderately wounded.
The jelly hits you but does no damage.
You hit the jelly. The acid corrodes you!
Your hands burn!
The jelly is severely wounded.
The jelly hits you. The acid corrodes you!
You are splashed with acid!
* * * LOW HITPOINT WARNING * * *
The jelly hits you.
* * * LOW HITPOINT WARNING * * *
You are splashed with acid!
You die...

*<,...........#####.########
*,*,,,*#................# #
*,*,,,*#.....###........# #
*,*,,,*#.....# #........# #
*,,,,**#....## #........# #
*,,*** #....####........# #
**** **#......########### #
***####...# ***,,+.J@..#
**,,,###...# **,,,**#...#
**,_,+,+...# **,,,**#...#
**,,,**#...# ***,,+,+...#
******#...# *** *****


You could see a jelly.

Vanquished Creatures
  Jessica (D:2)
  A mummy (D:3)
  4 gnolls (D:2)
  A dart slug (D:2)
  4 orcs (D:3)
  2 endoplasms (D:3)
  A giant cockroach (D:1)
  2 goblins
  2 hobgoblins
  2 kobolds
  A quokka (D:2)
  A ball python (D:3)
  4 bats
  A frilled lizard (D:2)
  3 rats
30 creatures vanquished.

Notes
Turn   | Place    | Note
-------+----------+-------------------------------------------
     0 | D:1      | Jango the Human Berserker began the quest for the Orb.
     0 | D:1      | Reached XP level 1. HP: 18/18 MP: 1/1
   703 | D:2      | Reached XP level 2. HP: 24/24 MP: 2/2
   967 | D:2      | Reached XP level 3. HP: 29/29 MP: 3/3
   973 | D:2      | Reached skill level 4 in Long Blades
   973 | D:2      | Reached XP level 4. HP: 35/35 MP: 4/4
  1140 | D:2      | Noticed Jessica
  1155 | D:2      | Killed Jessica
  1373 | D:3      | Found a snail-covered altar of Cheibriados.
  1782 | D:3      | Reached XP level 5. HP: 41/41 MP: 5/5
  1993 | D:3      | Reached ** piety under Trog
  2392 | D:3      | Was placed under penance by Trog
  2395 | D:3      | Learned a level 2 spell: Poisonous Vapours
  2590 | D:3      | Splashed by a jelly's acid

Illustrated notes

Levels and vault maps discovered:
D:1:      lemuel_arrival_tunnels, layout_loops_ring
D:2:      layout_loops_ring, hellmonk_ecumenical_altar_watching_god,
          uniq_jessica
D:3:      layout_rooms, dk_xom_monty_hall, slow_altar_1, minmay_misc_feat_iff,
          grunt_decor_clamped, uniq_crazy_yiuf_cottage

Skill      XL: |  1  2  3 |
---------------+----------+-----
Long Blades    | 4 |  4.2
Fighting       | |  3.6
Short Blades   | |  0.1
Maces & Flails | |  0.3
Armour         | |  2.5
Dodging        | |  2.5
Stealth        | |  0.1

Action                   |  1- 3 |  4- 6 || total
-------------------------+-------+-------++-------
Melee: Falchion          |    46 |    49 ||    95
Throw: Stone             |       |     1 ||     1
Invok: Berserk           |     1 |     1 ||     2
  Use: Scroll            |     2 |     2 ||     4
 Stab: Sleeping          |     1 |       ||     1
Armor: Chain mail        |    16 |     3 ||    19
       Animal skin       |     3 |       ||     3
       Plate armour      |       |    21 ||    21
Dodge: Dodged            |    24 |    11 ||    35
       Rpst.: Falchion   |     8 |     2 ||    10
